Map: Acid Plant LE

Players

Bioice

  • Race: Zerg Zerg
  • Spawn Location: 5:00

Bly - Winner!

  • Race: Zerg Zerg
  • Spawn Location: 11:00

Event: WCS Montreal 2018

VOD

Have the link to the VOD?

Description

Time

  • Played on: Sept. 7, 2018, 1:36 p.m.
  • Length: 7:26

All games in this series

Show
View Real Time Build Order
Export as new Build Order

Bioice Zerg 

Build Orders: Hatch First 

Get SALT Encoding   

  12  0:00  Drone  
  13  0:12  Overlord  
  13  0:17  Drone  
  14  0:31  Drone x2  
  16  0:48  Hatchery  
  15  0:52  Drone  
  15  0:56  Drone  
  17  0:58  Drone  
  18  1:05  Extractor  
  17  1:15  Spawning Pool  
  17  1:18  Drone  
  17  1:22  Drone  
  18  1:29  Drone  
  19  1:40  Drone  
  20  1:50  Overlord  
  20  2:02  Queen x2  
  20  2:04  Zergling x4  
  20  2:07  Metabolic Boost  
  26  2:11  Drone  
  26  2:14  Drone  
  28  2:22  Drone x2  
  30  2:28  Baneling Nest  
  29  2:35  Drone x2  
  31  2:46  Zergling x4  
  32  2:56  Hatchery  
  31  3:04  Overlord  
  31  3:13  Drone x4  
  31  3:17  Overlord  
  35  3:22  Overlord  
  35  3:23  Drone  
  35  3:26  Drone  
  35  3:27  Drone  
  38  3:29  Drone  
  39  3:34  Drone x2  
  41  3:42  Roach Warren  
  41  3:43  Extractor, Drone  
  41  3:46  Drone  
  41  3:52  Drone x3  
  41  3:53  Drone  
  45  3:59  Lair  
  45  4:03  Evolution Chamber  
  45  4:05  Drone  
  45  4:07  Extractor  
  45  4:09  Drone x2  
  46  4:13  Baneling x3  
  46  4:18  Baneling  
  46  4:21  Overlord  
  46  4:26  Drone x2  
  46  4:27  Roach x2  
  52  4:35  Roach x2  
  52  4:36  Roach  
  52  4:37  Drone x2  
  60  4:40  Zerg Missile Weapons Level 1  
  60  4:42  Drone  
  62  4:45  Drone  
  62  4:46  Drone  
  63  4:58  Roach x3  
  69  5:02  Overseer  
  69  5:05  Roach x2  
  73  5:15  Overlord x3  
  73  5:19  Overlord  
  73  5:20  Glial Reconstitution  
  73  5:28  Overlord x2  
  72  5:29  Queen  
  72  5:32  Queen  
  76  5:36  Spore Crawler  
  76  5:37  Spore Crawler  
  76  5:38  Spore Crawler  
  76  5:39  Drone x3  
  76  5:41  Drone  
  77  5:45  Drone x2  
  80  5:50  Drone, Spore Crawler  
  80  5:56  Drone x5  
  82  6:00  Drone x2  
  81  6:09  Drone x3  
  81  6:10  Drone x2  
  81  6:11  Drone  
  84  6:12  Overseer  
  84  6:15  Drone  
  84  6:16  Drone  
  86  6:24  Queen x2  
  92  6:38  Roach x4  
  97  6:40  Spore Crawler  
  97  6:45  Roach x2  
  98  6:47  Overlord  
  98  6:50  Extractor, Hydralisk Den  
  92  7:06  Hatchery  
Show
View Real Time Build Order
Export as new Build Order

Bly Zerg - Winner!

Build Orders: Hatch First 

Get SALT Encoding   

  12  0:01  Drone  
  13  0:13  Overlord  
  13  0:17  Drone  
  14  0:31  Drone x2  
  16  0:49  Hatchery  
  15  0:52  Drone  
  15  0:55  Drone  
  17  1:00  Drone  
  18  1:11  Extractor  
  18  1:15  Spawning Pool  
  16  1:18  Drone  
  16  1:20  Drone  
  18  1:28  Drone  
  19  1:38  Overlord  
  19  1:50  Drone  
  20  2:01  Queen x2  
  20  2:02  Zergling x4  
  26  2:11  Drone  
  26  2:12  Drone  
  28  2:22  Drone  
  29  2:26  Drone  
  30  2:32  Drone  
  30  2:36  Drone  
  32  2:40  Queen  
  32  2:43  Lair  
  34  2:45  Overlord  
  32  2:53  Drone  
  33  2:59  Drone x2  
  35  3:06  Drone x2  
  35  3:08  Extractor  
  35  3:12  Drone x3  
  39  3:13  Drone x3  
  39  3:18  Roach Warren  
  41  3:22  Evolution Chamber  
  40  3:30  Evolution Chamber  
  40  3:34  Drone x4  
  43  3:44  Drone  
  43  3:46  Extractor  
  43  3:47  Extractor, Overlord  
  43  3:48  Spire  
  41  3:51  Zerg Missile Weapons Level 1  
  41  3:56  Overlord  
  41  3:57  Drone  
  41  4:02  Drone x2  
  44  4:06  Drone x3  
  47  4:12  Glial Reconstitution  
  47  4:14  Drone x2  
  47  4:16  Drone  
  50  4:18  Overseer  
  50  4:20  Drone  
  50  4:22  Drone  
  53  4:24  Drone  
  53  4:27  Roach  
  53  4:30  Roach  
  57  4:33  Roach  
  59  4:40  Overlord  
  59  4:54  Overlord  
  59  4:57  Hatchery  
  58  5:02  Mutalisk x4  
  66  5:08  Mutalisk  
  68  5:20  Mutalisk  
  70  5:31  Mutalisk  
  70  5:33  Drone, Overlord x2  
  70  5:34  Drone x3  
  76  5:48  Overlord  
  76  5:49  Overlord  
  76  6:08  Mutalisk x2  
  76  6:09  Overlord  
  76  6:10  Drone x7  
  87  6:13  Overlord  
  87  6:14  Overlord  
  87  6:16  Overlord  
  87  6:20  Mutalisk  
  87  6:22  Overlord  
  87  6:25  Overlord  
  89  6:42  Mutalisk x2  
  89  6:44  Roach  
  89  6:45  Roach x3  
  89  6:46  Extractor  
  96  6:50  Extractor  
  96  6:51  Overlord, Roach x2  
  99  7:00  Hatchery  
  98  7:01  Roach x5  
Tags
 
Add a new tag
Caveats
  • Supply blocks, unpowered buildings, or Contaminate may cause inaccurate times.
  • Supply counts are checked every 10 seconds.